 Dungeon Crawl Stone Soup version 0.28-a0-687-gb91baff9cc (webtiles) character file.

Game seed: 11291011483881051063

35 andesha the Skirmisher (level 3, -1/33 HPs)
             Began as a Minotaur Fighter on Oct 20, 2021.
             Slain by Terence (7 damage)
             ... on level 2 of the Dungeon.
             The game lasted 00:01:57 (1401 turns).

andesha the Skirmisher (Minotaur Fighter)           Turns: 1401, Time: 00:01:57

Health: -1/33      AC:  8    Str: 21    XL:     3   Next: 16%
Magic:  2/2        EV:  9    Int:  5    God:
Gold:   33         SH:  4    Dex:  9    Spells: 2/2 levels left

rFire   . . .      SeeInvis .   a - +0 flail
rCold   . . .      Faith    .   c - +0 buckler
rNeg    . . .      Spirit   .   b - +0 scale mail
rPois   +          Reflect  .   (helmet restricted)
rElec   .          Harm     .   (no cloak)
rCorr   .          Rampage  .   k - +0 pair of gloves
Will    .....                   (no boots)
Stlth   ..........              (no amulet)
HPRegen 0.11/turn               j - ring of poison resistance
MPRegen 0.08/turn               (no ring)

@: no status effects
A: horns 2, retaliatory headbutt
a: no special abilities


You were on level 2 of the Dungeon.
You visited 1 branch of the dungeon, and saw 2 of its levels.

You collected 33 gold pieces.

Inventory:

Hand Weapons
 a - a +0 flail (weapon)
Armour
 b - a +0 scale mail (worn)
 c - a +0 buckler (worn)
 k - a +0 pair of gloves (worn)
Jewellery
 j - a ring of poison resistance (left hand)
Scrolls
 h - 2 scrolls of identify {unknown}
 i - a scroll of enchant weapon {unknown}
 l - a scroll of noise {unknown}
Potions
 d - a potion of might
 e - a potion of cancellation {unknown}
 f - 2 potions of heal wounds {unknown}
 g - 2 potions of curing {unknown}


   Skills:
 + Level 4.2 Fighting
 * Level 3.9 Maces & Flails
 - Level 3.6 Armour
 - Level 3.6 Shields


You had 2 spell levels left.
You didn't know any spells.
Your spell library was empty.

Dungeon Overview and Level Annotations

Branches:
Dungeon (2/15)

Altars:

Annotations:
D:2 Terence


Innate Abilities, Weirdness & Mutations

You have a pair of horns on your head.
You reflexively headbutt those who attack you in melee.


Message History

The worm closely misses you.
You thump the worm!
You kill the worm!
The frilled lizard barely misses you.
You closely miss the frilled lizard. The frilled lizard barely misses you.
You furiously retaliate!
You headbutt the frilled lizard.
You kill the frilled lizard!
No target in view!
No target in view!
You see here a worm corpse.
Found a falchion.
A bat, a hobgoblin and Terence come into view.
Terence is wielding a +8 short sword of speed and wearing a +4 scale mail of cold resistance.
Terence shouts!
The hobgoblin shouts!
The hobgoblin moves out of view.
The bat hits you but does no damage.
You miss the bat. Your headbutt misses the bat. The bat barely misses you.
You furiously retaliate!
You headbutt the bat!
You kill the bat!
Terence hits you with a +8 short sword of speed.
You closely miss Terence. Terence closely misses you. You furiously retaliate!
You headbutt Terence, but do no damage. You block Terence's attack.
You hit Terence but do no damage. You headbutt Terence.
Terence is moderately wounded.
Terence hits you with a +8 short sword of speed.
You barely miss Terence.
Terence is moderately wounded.
Terence hits you with a +8 short sword of speed.
Terence screams, "I'm going to kill you!"
You block Terence's attack.
You hit Terence but do no damage.
Terence is moderately wounded.
Terence hits you with a +8 short sword of speed.
Terence hits you with a +8 short sword of speed!
You hit Terence but do no damage. Your headbutt misses Terence.
Terence is moderately wounded.
Terence hits you with a +8 short sword of speed!
* * * LOW HITPOINT WARNING * * *
Terence hits you with a +8 short sword of speed!
You die...

.... ... .).. ...
..... b@ ...... #.#
...... ..#
.....######..##..# #
#.#.#.@@g...:.... #
#.....#####...... #
#.....# ...$. ##
#.....### ...... .#
##...†..##....... .#
#######..........
.########
#........#..... .
........###.########
###. #######.....#


You could see Terence and a hobgoblin.

Vanquished Creatures
  A worm (D:2)
  2 bats
  3 endoplasms (D:1)
  4 goblins (D:1)
  A hobgoblin (D:1)
  4 jackals (D:1)
  A quokka (D:1)
  2 ball pythons (D:1)
  4 frilled lizards
  5 kobolds (D:1)
  2 rats (D:1)
29 creatures vanquished.

Notes
Turn   | Place    | Note
-------+----------+-------------------------------------------
     0 | D:1      | andesha the Minotaur Fighter began the quest for the Orb.
     0 | D:1      | Reached XP level 1. HP: 19/19 MP: 0/0
   318 | D:1      | Reached skill level 4 in Fighting
   442 | D:1      | Reached XP level 2. HP: 27/27 MP: 1/1
  1049 | D:1      | Reached XP level 3. HP: 22/33 MP: 2/2
  1390 | D:2      | Noticed Terence
  1401 | D:2      | Slain by Terence

Illustrated notes

Levels and vault maps discovered:
D:1:      ncdulo_smallfort, layout_basic
D:2:      layout_rooms, kennysheep_pointless_box, uniq_natasha, uniq_terence

Skill      XL: |  1 |
---------------+----+-----
Fighting       | 4 |  4.2
Maces & Flails | 3 |  3.9
Armour         | |  3.6
Shields        | |  3.6

Action                   || total
-------------------------++-------
Melee: Flail             ||    82
       Headbutt          ||     6
Armor: Scale mail        ||    33
Dodge: Dodged            ||    26
Block: Buckler           ||    15

Table legend: (Time is in decaauts)
 A = Elapsed time spent in this place.
 B = Non-inter-level travel time spent in this place.
 C = Inter-level travel time spent in this place.
 D = Time resting spent in this place.
 E = Time spent auto-exploring this place.
 F = Levels seen in this place.
 G = Mean time per level.
                   A        B        C        D        E       F      G
               +--------+--------+--------+--------+--------+-----+--------+
         Total |   1420 |   1410 |     10 |    341 |    853 |   2 |  710.0 |
       Dungeon |   1420 |   1410 |     10 |    341 |    853 |   2 |  710.0 |
               +--------+--------+--------+--------+--------+-----+--------+

Top non-repeatable levels by time:
     D:1: 1333 daAuts
     D:2: 86 daAuts
